 Dungeon Crawl Stone Soup version 0.19.4-8-ga85b6b9 (webtiles) character file.

224 empire the Bolt Thrower (level 6, -1/35 HPs)
             Began as a Kobold Hunter on Feb 13, 2017.
             Was an Initiate of Dithmenos.
             Slain by Pikel
             ... wielding a +1 whip of freezing
              (7 damage)
             ... on level 4 of the Dungeon.
             The game lasted 00:10:44 (3678 turns).

empire the Bolt Thrower (Kobold Hunter)             Turns: 3678, Time: 00:10:45

Health: -1/35      AC:  7    Str: 10      XL:     6   Next: 20%
Magic:  9/9        EV: 13    Int: 12      God:    Dithmenos [......]
Gold:   103        SH:  0    Dex: 16 (17) Spells: 0 memorised, 9 levels left

rFire  x . .     SeeInvis .     a - +3 hand crossbow
rCold  + . .     Gourm    .     e - +1 ring mail
rNeg   . . .     Faith    .     (shield restricted)
rPois  .         Spirit   .     (no helmet)
rElec  .         Reflect  .     (no cloak)
rCorr  .         Harm     .     (no gloves)
MR     .....                    l - +0 pair of boots
Stlth  ++........               (no amulet)
                                (no ring)
                                j - ring of ice

@: no status effects
A: carnivore 3
a: Renounce Religion


You were on level 4 of the Dungeon.
You worshipped Dithmenos.
Dithmenos was noncommittal.
You were completely stuffed.

You visited 1 branch of the dungeon, and saw 4 of its levels.

You collected 220 gold pieces.
You spent 117 gold pieces at shops.

Inventory:

Hand Weapons
 a - a +3 hand crossbow (weapon)
 b - a +0 short sword
 o - a +0 long sword
Missiles
 d - 15 bolts (quivered)
 h - 20 poisoned needles
Armour
 e - a +1 ring mail (worn)
 l - a +0 pair of boots (worn)
 s - a +0 chain mail
Jewellery
 j - a ring of ice (left hand)
Wands
 q - a wand of iceblast (7/15)
Scrolls
 c - a scroll of noise {unknown}
 k - a scroll of blinking {unknown}
Potions
 i - a potion of berserk rage
 n - a potion of brilliance
Comestibles
 f - 2 meat rations
 g - 2 beef jerkies


   Skills:
 - Level 2.1 Fighting
 + Level 5.9 Crossbows
 + Level 2.4 Armour
 - Level 2.4 Dodging
 + Level 4.1 Stealth
 - Level 2.0 Spellcasting
 + Level 0.5 Evocations


You had 9 spell levels left.
You didn't know any spells.

Dungeon Overview and Level Annotations

Branches:
Dungeon (4/15)
 Temple: D:4-7

Altars:
Ashenzari
Dithmenos
Fedhas
Nemelex Xobeh
Ru
Vehumet
Yredelemnul
The Shining One

Shops:
D:4 [

Annotations:
D:4 Pikel


Innate Abilities, Weirdness & Mutations

You are small and have problems with some larger weapons.
You are carnivorous and can eat meat at any time.


Message History

You shoot a bolt. The bolt closely misses Pikel.
The bolt closely misses the slave.
The bolt hits the slave.
The slave is moderately wounded.
Pikel hits you with a whip of freezing!
* * * LOW HITPOINT WARNING * * *
Pikel freezes you.
* * * LOW HITPOINT WARNING * * *
Firing (i - inventory):
d - 17 bolts (quivered)
Press: ? - help, Shift-Dir - straight line, f/p - Pikel
Aim: Pikel, wielding a whip of freezing and wearing a robe (almost dead)
You shoot a bolt. The bolt hits Pikel.
Pikel is almost dead.
Pikel hits you but does no damage.
Firing (i - inventory):
d - 16 bolts (quivered)
Press: ? - help, Shift-Dir - straight line, f/p - Pikel
Aim: Pikel, wielding a whip of freezing and wearing a robe (almost dead)
You shoot a bolt. The bolt closely misses Pikel.
The bolt hits the slave!
You kill the slave!
That felt strangely unrewarding.
Pikel hits you with a whip of freezing!
You die...

.....#.##....####.#.##
.....................
.....#.##....####..#
.....#.##.#...###..#####
.... ..................#
... .......#.###.∩#####
#..##.###.# #..#
......###.###p.####
#.###.....@Kpp(..(#
#.###.###........ ...#
#..##.### ###.# #..# .#
#. #..( . .. .%### # ##
###


You could see Pikel and 3 slaves.

Vanquished Creatures
  A slave (D:4)
  Ijyb (D:2)
  3 gnolls (D:3)
  7 adders
  An ooze (D:3)
  3 worms
  A dart slug (D:1)
  4 leopard geckos
  3 orcs
  A giant cockroach (D:2)
  7 goblins
  14 hobgoblins
  13 jackals
  8 kobolds
  A quokka (D:3)
  6 bats
  2 frilled lizards
  A leopard gecko skeleton (D:4)
  5 rats
82 creatures vanquished.

Notes
Turn   | Place    | Note
-------+----------+-------------------------------------------
     0 | D:1      | empire the Kobold Hunter began the quest for the Orb.
     0 | D:1      | Reached XP level 1. HP: 12/12 MP: 1/1
    95 | D:1      | Reached skill level 5 in Crossbows
    95 | D:1      | Reached XP level 2. HP: 17/17 MP: 2/2
   199 | D:2      | Reached skill level 1 in Armour
   199 | D:2      | Reached XP level 3. HP: 21/21 MP: 3/3
  1164 | D:2      | Noticed Ijyb
  1167 | D:2      | Reached XP level 4. HP: 26/26 MP: 4/4
  1288 | D:2      | Killed Ijyb
  1288 | D:2      | Reached skill level 1 in Spellcasting
  1481 | D:2      | Found a radiant altar of Vehumet.
  1611 | D:2      | Reached XP level 5. HP: 30/30 MP: 6/6
  1647 | D:2      | Found a shattered altar of Ashenzari.
  1799 | D:2      | Found a basalt altar of Yredelemnul.
  1898 | D:2      | Found a glowing golden altar of the Shining One.
  1898 | D:2      | Found a faded altar of an unknown god.
  1909 | D:2      | Found a faded altar of an unknown god.
  1911 | D:2      | Found a faded altar of an unknown god.
  1913 | D:2      | Found a faded altar of an unknown god.
  2106 | D:3      | Found a sacrificial altar of Ru.
  2726 | D:3      | Found a sparkling altar of Nemelex Xobeh.
  2745 | D:3      | Reached XP level 6. HP: 35/35 MP: 8/8
  3372 | D:4      | Found a shadowy altar of Dithmenos.
  3390 | D:4      | Became a worshipper of Dithmenos the Shadowed
  3548 | D:4      | Found a blossoming altar of Fedhas.
  3633 | D:4      | Found Maicaogu's Antique Armour Emporium.
  3639 | D:4      | Noticed a slave
  3648 | D:4      | Bought a pair of boots for 117 gold pieces
  3653 | D:4      | Noticed a slave
  3654 | D:4      | Noticed Pikel
  3654 | D:4      | Noticed a slave
  3660 | D:4      | Noticed a slave
  3678 | D:4      | Killed a slave
  3678 | D:4      | Slain by Pikel

Skill      XL: |  1  2  3  4  5  6 |
---------------+-------------------+-----
Crossbows      | 5 |  5.9
Stealth        | 2 3 4 |  4.1
Armour         | 1 2 |  2.4
Spellcasting   | 1 2 |  2.0
Fighting       | |  2.1
Dodging        | |  2.4
Evocations     | |  0.5

Action                   |  1- 3 |  4- 6 || total
-------------------------+-------+-------++-------
Melee: Short sword       |       |    93 ||    93
 Fire: Hand crossbow     |    67 |   128 ||   195
  Use: Potion            |       |     4 ||     4
       Scroll            |       |     9 ||     9
 Stab: Sleeping          |       |     1 ||     1
  Eat: Chunk             |     9 |     8 ||    17
Armor: Ring mail         |     7 |    63 ||    70
Dodge: Dodged            |     7 |   127 ||   134
